 Dungeon Crawl Stone Soup version 0.28-a0-850-g09de17f5b5 (webtiles) character file.

Game seed: 17299085906229240339

414 marklar909 the Cudgeller (level 6, -8/51 HPs)
             Began as a Palentonga Fighter on Nov 13, 2021.
             Was an Initiate of Gozag.
             Mangled by an ogre (20 damage)
             ... on level 3 of the Dungeon.
             The game lasted 00:04:57 (4208 turns).

marklar909 the Cudgeller (Palentonga Fighter)       Turns: 4208, Time: 00:04:57

Health: -8/51      AC:  7    Str: 21    XL:     6   Next: 60%
Magic:  6/6        EV:  8    Int:  8    God:    Gozag
Gold:   107        SH:  4    Dex: 10    Spells: 5/5 levels left

rFire   . . .      SeeInvis +   g - +0 mace (protect)
rCold   . . .      Faith    .   c - +0 buckler
rNeg    . . .      Spirit   .   b - +0 scale mail
rPois   .          Reflect  .   (no helmet)
rElec   .          Harm     .   (no cloak)
rCorr   .          Rampage  .   (no gloves)
Will    .....                   (no barding)
Stlth   ..........              (no amulet)
HPRegen 0.17/turn               (no ring)
MPRegen 0.10/turn               (no ring)

@: no status effects
A: large, rugged brown scales 3, see invisible, deformed body, roll 1, armoured
tail
a: Rolling Charge, Renounce Religion, Potion Petition, Call Merchant, Bribe
Branch


You were on level 3 of the Dungeon.
You worshipped Gozag.
Gozag was aware of your devotion.
You visited 2 branches of the dungeon, and saw 5 of its levels.

You collected 148 gold pieces.
You paid 41 gold pieces to Gozag.

Inventory:

Hand Weapons
 g - a +0 mace of protection (weapon)
 l - a +0 morningstar
Missiles
 m - 2 poisoned darts
Armour
 b - a +0 scale mail (worn)
 c - a +0 buckler (worn)
Wands
 e - a wand of flame (13)
 k - a wand of mindburst (7)
Scrolls
 f - a scroll of teleportation
 j - 4 scrolls of identify
 n - a scroll of amnesia {unknown}
Potions
 a - 2 potions of magic
 d - 2 potions of heal wounds
 h - a potion of brilliance
 i - a potion of curing
 o - a potion of might


   Skills:
 + Level 4.0 Fighting
 + Level 4.3 Maces & Flails
 + Level 3.9 Armour
 + Level 1.0 Dodging
 + Level 3.2 Shields


You had 5 spell levels left.
You didn't know any spells.
Your spell library contained the following spells:

 Spells                   Type           Power      Damage    Failure   Level
 Freeze                   Ice            0%         1d3       75%         1
 Frozen Ramparts          Ice            0%         1d2       98%         3
 Hailstorm                Conj/Ice       0%         3d3       100%        4


Dungeon Overview and Level Annotations

Branches:
Dungeon (4/15)             Temple (1/1) D:4

Altars:
Ashenzari
Cheibriados
Dithmenos
Elyvilon
Fedhas
Gozag
Kikubaaqudgha
Qazlal
Ru
Sif Muna
Uskayaw
Vehumet
Xom
Zin
The Shining One

Shops:
D:3 [

Annotations:
D:3 2 runed translucent doors, croobank's ghost, weakling DsDe


Innate Abilities, Weirdness & Mutations

You are completely covered in rugged brown scales. (AC +3, +7% HP)
You have supernaturally acute eyesight. (SInv)
Armour fits poorly on your strangely shaped body.
You can roll at nearby foes to attack.
You have a long armoured tail.


Message History

A gnoll shaman comes into view. It is wielding a +0 whip.
The gnoll shaman shouts!
A water moccasin skeleton comes into view.
There are monsters nearby!
A two-headed ogre comes into view.
It is wielding a +0 giant club and a +0 giant spiked club.
There are monsters nearby!
The gnoll shaman hits you with a +0 whip.
You hit the gnoll shaman but do no damage.
Your weapon exudes an aura of protection.
A water moccasin comes into view.
A ball python comes into view.
The gnoll shaman closely misses you.
The ball python hisses angrily.
The water moccasin hisses angrily.
You sock the gnoll shaman!
Your tail-slap misses the gnoll shaman.
The gnoll shaman is heavily wounded.
The gnoll shaman hits you with a +0 whip!
The gnoll shaman prays to its god.
The gnoll shaman is healed somewhat.
Okay, then.
Okay, then.
The gnoll shaman invokes the aid of its god against you.
You resist with some effort.
A gnoll shaman is nearby!
The gnoll shaman invokes the aid of its god against you.
You resist with some effort.
An ogre comes into view. It is wielding a +0 giant club.
The ogre shouts!
The ogre hits you with a +0 giant club!!
Things that are here:
a +0 leather armour; a +0 dagger The ogre hits you with a +0 giant club!
There is a stone staircase leading up, spattered with blood here.
You climb upwards.
Level annotation: 2 runed translucent doors, croobank's ghost, weakling DsDe
There is a stone staircase leading down here.
The ogre hits you with a +0 giant club!
* * * LOW HITPOINT WARNING * * *
There is a stone staircase leading down here.
The ogre hits you with a +0 giant club!!
You die...
Your body crumbles into a pile of gold.

###########...................#
#....................##.#####.#
#########............##........
##.#.#.#####..##.#####..
#......# ###..##.#####..
#..#.#.# #..............
#..#.#.# #.#..##.#####..
########..#.#.###.#............
#.............@O..##...........
######.##.#..........>.........
#.##.##..######.......#.##
#.##.##....# #.##.##.#...
#.##.###.#.# #.##........
#.######.#.## #.##..(.#.##
#.#.....<...###.##.#....##
#.#.######.........#......
#...........###.##.#......


You could see an ogre.

Vanquished Creatures
  A black bear (D:4)
  3 hounds
  An orc priest (D:3)
  Jessica (D:2)
  An orc wizard (D:4)
  A hound skeleton (D:4)
  4 gnolls (D:3)
  3 adders
  10 orcs
  11 ball pythons
  5 bats
  7 endoplasms
  3 giant cockroaches
  3 goblins
  3 hobgoblins
  8 kobolds
  3 quokkas
  A frilled lizard (D:3)
  3 rats (D:3)
72 creatures vanquished.

Notes
Turn   | Place    | Note
-------+----------+-------------------------------------------
     0 | D:1      | marklar909 the Palentonga Fighter began the quest for the
                  | Orb.
     0 | D:1      | Reached XP level 1. HP: 19/19 MP: 1/1
   664 | D:1      | Reached XP level 2. HP: 25/25 MP: 2/2
   808 | D:1      | Found a faded altar of an unknown god.
  1230 | D:2      | Noticed Jessica
  1248 | D:2      | Killed Jessica
  1249 | D:2      | Reached XP level 3. HP: 27/32 MP: 3/3
  1771 | D:3      | Reached XP level 4. HP: 39/39 MP: 4/4
  2094 | D:3      | Found a large runed translucent door.
  2094 | D:3      | Found a large runed translucent door.
  2097 | D:3      | Noticed croobank's ghost (weakling DsDe)
  2403 | D:3      | Reached XP level 5. HP: 34/44 MP: 5/5
  2680 | D:3      | Found Arufe's Armour Emporium.
  3116 | D:4      | Noticed a black bear
  3361 | D:4      | Found a staircase to the Ecumenical Temple.
  3368 | D:4      | Reached XP level 6. HP: 40/51 MP: 6/6
  3402 | Temple   | Entered the Ecumenical Temple
  3754 | Temple   | Became a worshipper of Gozag Ym Sagoz the Greedy
  3835 | D:4      | Reached skill level 1 in Dodging
  4135 | D:4      | Noticed a two-headed ogre
  4137 | D:4      | Noticed a water moccasin
  4208 | D:3      | Mangled by an ogre

Illustrated notes

Levels and vault maps discovered:
D:1:      evilmike_arrival_hilbert_curve, layout_loops_ring,
          shapermc_ecumenical_altar_mp_vishouse, roderic_malta_cross,
          minmay_misc_feat_nine_boxes, minmay_misc_feat_cross,
          minmay_misc_feat_four_crosses, minivault_19,
          chequers_serial_rivers_small_3, minmay_pentomino_t2
D:2:      layout_rooms, uniq_jessica
D:3:      layout_basic, ebering_ghost_disaster_area, portal_sewer_entry_d,
          serial_shops, shop
D:4:      corexii_shantytown, layout_rooms, minmay_temple_entry_stoned_glass,
          st_stairs_11
Temple:   regret_index_temple_generic_petals

Skill      XL: |  1  2  3  4  5  6 |
---------------+-------------------+-----
Armour         | 3 |  3.9
Shields        | 3 |  3.2
Maces & Flails | 3 4 |  4.3
Fighting       | 4 |  4.0
Dodging        | 1 |  1.0

Action                   |  1- 3 |  4- 6 || total
-------------------------+-------+-------++-------
Melee: Flail             |     9 |       ||     9
       Mace              |    56 |   197 ||   253
       Tailslap          |    10 |    20 ||    30
  Use: Scroll            |     5 |     1 ||     6
       Potion            |     1 |       ||     1
Armor: Scale mail        |    39 |   157 ||   196
Dodge: Dodged            |    18 |    87 ||   105
Block: Buckler           |    16 |    41 ||    57

Table legend: (Time is in decaauts)
 A = Elapsed time spent in this place.
 B = Non-inter-level travel time spent in this place.
 C = Inter-level travel time spent in this place.
 D = Time resting spent in this place.
 E = Time spent auto-exploring this place.
 F = Levels seen in this place.
 G = Mean time per level.
                   A        B        C        D        E       F      G
               +--------+--------+--------+--------+--------+-----+--------+
         Total |   4289 |   4015 |    274 |    502 |   2790 |   5 |  857.8 |
       Dungeon |   3895 |   3705 |    190 |    502 |   2483 |   4 |  973.8 |
        Temple |    393 |    309 |     84 |      0 |    307 |   1 |  393.0 |
               +--------+--------+--------+--------+--------+-----+--------+

Top non-repeatable levels by time:
     D:3: 1590 daAuts
     D:2: 1030 daAuts
     D:1: 940 daAuts
  Temple: 393 daAuts
     D:4: 335 daAuts
